 Dungeon Crawl Stone Soup version 0.32-a0-921-g04a7ad8e02 (webtiles) character file.

Game seed: 8994904951481280980

201679 hackum the Marksdemigod (level 17, -2/150 HPs)
             Began as a Demigod Hunter on Apr 11, 2024.
             Constricted to death by a nagaraja (6 damage)
             ... on level 4 of the Snake Pit.
             The game lasted 00:50:31 (32572 turns).

hackum the Marksdemigod (Demigod Hunter)           Turns: 32572, Time: 00:50:31

Health: -2/150     AC: 31    Str: 15    XL:     17   Next: 31%
Magic:  20/20      EV: 11    Int: 11    God:
Gold:   1687       SH: 24    Dex: 52    Spells: 16/16 levels left

rFire   + . .        g - +8 hand cannon (flame)
rCold   + + .        D - +2 kite shield {AC+3}
rNeg    . . .        V - +5 storm dragon scales of Sif Muna's Wrath {rElec rPois Str+3 Dex+3}
rPois   +            T - +0 helmet
rElec   +            (no cloak)
rCorr   +            j - +1 pair of gloves {hurl}
SInv    .            J - +1 pair of boots of Egalitarianism {rPois rF+ rC+}
Will    +....        F - amulet of Huihit {Reflect Fly rC+ rCorr SH+5}
Stlth   +            i - +6 ring of dexterity
HPRegen 0.45/turn    B - +6 ring of dexterity
MPRegen 0.17/turn

%: reflection
@: lethally poisoned (-2 -> -51), flying, constricted
A: high MP 1, forlorn, divine attributes
}: 1/15 runes: serpentine
a: no special abilities


You were on level 4 of the Snake Pit.
You visited 4 branches of the dungeon, and saw 26 of its levels.
You visited 1 bazaar.
You also visited: Sewer, Bailey, Ice Cave and Volcano.

You collected 3173 gold pieces.
You spent 1486 gold pieces at shops.

Inventory:

Hand Weapons
 a - the +2 sling "Ducverui" {elec, Str+2 Int+3 Dex+4}
   (You found it on level 4 of the Lair of Beasts)

   Str+2:     It affects your strength (+2).
   Int+3:     It affects your intelligence (+3).
   Dex+4:     It affects your dexterity (+4).
 c - a +2 arbalest of freezing
 g - a +8 hand cannon of flaming (weapon)
 P - a +1 triple crossbow of freezing
Missiles
 C - 4 curare-tipped darts (quivered)
Armour
 h - a +0 tower shield of cold resistance
 j - a +1 pair of gloves of hurling (worn)
 D - a +2 kite shield of protection (worn)
 J - the +1 pair of boots of Egalitarianism (worn) {rPois rF+ rC+}
   (You acquired it on level 9 of the Dungeon)

   rF+:       It protects you from fire.
   rC+:       It protects you from cold.
   rPois:     It protects you from poison.
 T - a +0 helmet (worn)
 V - the +5 storm dragon scales of Sif Muna's Wrath (worn) {rElec rPois Str+3 Dex+3}
   (You found it on level 4 of the Lair of Beasts)

   Str+3:     It affects your strength (+3).
   Dex+3:     It affects your dexterity (+3).
   rElec:     It insulates you from electricity.
   rPois:     It protects you from poison.
Jewellery
 e - a ring of protection from cold
 i - a +6 ring of dexterity (left hand)
 k - an amulet of the acrobat
 B - a +6 ring of dexterity (right hand)
 E - a ring of resist corrosion
 F - the amulet of Huihit (around neck) {Reflect Fly rC+ rCorr SH+5}
   (You found it on level 12 of the Dungeon)

   [amulet of reflection]

   Reflect:   It reflects blocked missile attacks.
   rC+:       It protects you from cold.
   Fly:       It grants you flight.
   rCorr:     It protects you from acid and corrosion.
   SH+5:      It affects your SH (+5).
 M - a ring of see invisible
Talismans
 I - a blade talisman
Wands
 d - a wand of acid (7)
 w - a wand of polymorph (18)
 A - a wand of paralysis (3)
 W - a wand of mindburst (9)
Scrolls
 f - 2 scrolls of amnesia
 l - 12 scrolls of blinking
 t - 5 scrolls of immolation
 u - 5 scrolls of enchant armour
 v - 7 scrolls of identify
 y - 11 scrolls of teleportation
 N - 4 scrolls of revelation
 R - 3 scrolls of silence
 U - a scroll of torment
 Y - a scroll of fog
 Z - 2 scrolls of fear
Potions
 b - 4 potions of haste
 m - 10 potions of curing
 n - 5 potions of might
 o - a potion of enlightenment
 p - 4 potions of lignification
 q - 5 potions of resistance
 r - a potion of heal wounds
 s - a potion of invisibility
 x - 3 potions of mutation
 z - 4 potions of brilliance
 L - 3 potions of cancellation
 O - 2 potions of magic
 X - 2 potions of ambrosia
Miscellaneous
 G - a condenser vane
 Q - a phial of floods
 S - a lightning rod (4/4)


   Skills:
 - Level 13.4 Fighting
 - Level 18.1 Ranged Weapons
 * Level 14.7 Armour
 - Level 13.4 Dodging
 - Level 0.8 Stealth
 * Level 4.8 Shields
 - Level 6.3 Shapeshifting


You had 16 spell levels left.
You didn't know any spells.
Your spell library contained the following spells:

 Spells                   Type           Power      Damage    Failure   Level
 Foxfire                  Conj/Fire      0%         2x1d4     100%        1
 Kiss of Death            Conj/Necr      0%         2d5       100%        1
 Sting                    Conj/Alch      0%         1d3       100%        1
 Blink                    Tloc           0%         N/A       100%        2
 Cigotuvi's Dreadful Rot  Necr/Alch/Air  0%         N/A       100%        2
 Ensorcelled Hibernation  Hex/Ice        0%         N/A       100%        2
 Lesser Beckoning         Tloc           0%         N/A       100%        2
 Mercury Vapours          Alch/Air       0%         N/A       100%        2
 Momentum Strike          Conj/Tloc      0%         3d8       100%        2
 Confusing Touch          Hex            0%         N/A       100%        3
 Passwall                 Erth           0%         N/A       100%        3
 Swiftness                Air            0%         N/A       100%        3
 Teleport Other           Tloc           0%         N/A       100%        3
 Volatile Blastmotes      Fire/Tloc      0%         2d10      100%        3
 Dispel Undead            Necr           0%         3d6       100%        4
 Fulminant Prism          Conj/Alch      0%         3d5       100%        4
 Ignite Poison            Fire/Alch      0%         N/A       100%        4
 Iskenderun's Mystic Bla Conj/Tloc 0%             2d3        (+2d1     100%        4
 Leda's Liquefaction      Alch/Erth      0%         N/A       100%        4
 Martyr's Knell           Necr/Summ      0%         N/A       100%        4
 Olgreb's Toxic Radiance  Alch           0%         N/A       100%        4
 Petrify                  Alch/Erth      0%         N/A       100%        4
 Sticky Flame             Fire/Alch      0%         2d4       100%        4
 Iskenderun's Battlesphe  Conj           0%         2d6       100%        5
 Lee's Rapid Deconstruct  Erth           0%         3d4*      100%        5
 Metabolic Englaciation   Hex/Ice        0%         N/A       100%        5
 Bombard                  Conj/Erth      0%         9d1       100%        6
 Dispersal                Tloc           0%         N/A       100%        6
 Gell's Gavotte           Tloc           0%         2d(11-16) 100%        6
 Permafrost Eruption      Ice/Erth       0%         2x4d1     100%        6
 Plasma Beam              Fire/Air       0%         2x1d10    100%        6
 Starburst                Conj/Fire      0%         6d3       100%        6
 Spellforged Servitor     Conj/Summ      0%         N/A       100%        7
 Ignition                 Fire           0%         3d3       100%        8


Dungeon Overview and Level Annotations

Branches:
Dungeon (15/15)            Temple (0/1) D:7            Lair (5/5) D:9
  Swamp (0/4) Lair:3        Snake (4/4) Lair:3        Slime (0/5) Lair:5
    Orc (2/2) D:10            Elf (0/3) Orc:2        Vaults (0/5) D:14
 Depths (0/4) D:15          Sewer (visited)          Bailey (visited)
  IceCv (visited)         Volcano (visited)

Shops:
D:2 [   D:3 *   D:14 ([(   D:15 :   Orc:2 ![=*[   Snake:1 ?   Snake:3 [

Portals:
Abyss: Lair:5

Annotations:
D:8 2 runed translucent doors, DEFE's ghost, novice CoFi
D:9 3 runed translucent doors
Lair:4 1 runed translucent door, Konar's ghost, journeyman CoHu
Lair:5 1 runed translucent door
Snake:1 1 runed translucent door
Orc:2 1 runed translucent door, DEFE's ghost, journeyman CoFi


Innate Abilities, Weirdness & Mutations

You have an increased reservoir of magic. (+10% MP)
You shall have no god before yourself.
Your divine heritage dramatically boosts your attributes as you level up.


Message History

You shoot a slug. The slug hits the nagaraja.
The slug burns the nagaraja.
The nagaraja is severely wounded.
You feel very sick.
The nagaraja points at you and mumbles some strange words.
The poison arrow hits you but does no damage.
You are more poisoned.
The nagaraja constricts you. The nagaraja spits poison at you.
The splash of poison hits you but does no damage.
You are more poisoned.
You resist. The nagaraja constricts you.
You shoot a slug.
The slug hits the nagaraja but does no damage.
The nagaraja is severely wounded.
You feel extremely sick.
The nagaraja points at you and mumbles some strange words.
The poison arrow hits you!!
You are more poisoned.
You partially resist. The nagaraja constricts you.
The electric eel shoots out a bolt of lightning at you!
The bolt of electricity hits you but does no damage.
The nagaraja points at you and mumbles some strange words.
The poison arrow hits you!
You are more poisoned.
You partially resist. The nagaraja constricts you.
* * * LOW HITPOINT WARNING * * *
You shoot a slug. The slug hits the nagaraja!
The slug burns the nagaraja.
The nagaraja is almost dead.
* * * LOW HITPOINT WARNING * * *
You feel extremely sick. You block the nagaraja's attack.
The nagaraja constricts you. The nagaraja spits poison at you.
The splash of poison hits you but does no damage.
You are more poisoned.
You resist. The nagaraja constricts you.
You shoot a slug. The slug closely misses the nagaraja.
* * * LOW HITPOINT WARNING * * *
You feel extremely sick. You block the nagaraja's attack.
The nagaraja constricts you.
You die...

#......#####......######
######## #......#
#......# #......#
##....## #....# #....#
## ##.§##..# #.##@°.#
..##.N○♣~# #.###....~♣
.. ..~♣..~♣ # .#~S~..~~
♣ ♣~~~...~~ ~~ ....~~~
~~~~~...~~~♣


You could see a nagaraja (fast, catching breath) and an electric eel.

Vanquished Creatures
  Rupert (D:15)
  Kirke (D:14)
  An azure jelly (Lair:5)
  A frost giant (IceCv)
  7 nagarajas
  An orc warlord (Orc:2)
  A stone giant (D:15)
  Nessos (D:15)
  Snorg (Orc:2)
  Josephine (Orc:2)
  Harold (Orc:1)
  A vault guard (D:14)
  7 hydras
  4 salamander tyrants
  2 catoblepae
  An ogre mage (D:15)
  12 anacondas
  9 boulder beetles
  8 centaur warriors
  6 two-headed ogres
  9 death yaks
  4 tengu warriors
  4 naga warriors
  A vampire mage (D:13)
  4 orc high priests (Orc:2)
  3 thrashing horrors (Lair:5)
  4 naga sharpshooters
  7 shock serpents
  Nergalle (D:10)
  3 skysharks
  3 skeletal warriors (Volcano)
  2 fire crabs (Lair:4)
  4 salamander mystics
  9 mana vipers
  A bog body (Lair:3)
  4 naga ritualists
  2 sea snakes (Snake:4)
  Pikel (D:4)
  3 orc knights
  An anaconda skeleton (Volcano)
  A harpy (shapeshifter) (D:13)
  4 deep elf pyromancers
  An oklob plant (Lair:2)
  3 orc sorcerers (Orc:2)
  2 large abominations (Lair:5)
  6 manticores
  11 salamanders
  5 cyclopes
  35 black mambas
  A meliai (shapeshifter) (Lair:5)
  12 ugly things
  3 meliai (D:13)
  A guardian serpent (Snake:2)
  A torpor snail (Lair:4)
  An ice statue (IceCv)
  20 naga magi
  11 elephants
  A black mamba (shapeshifter) (D:12)
  12 cane toads
  A smoke demon (Lair:5)
  3 orange demons (D:12)
  4 gargoyles
  12 rime drakes
  An unseen horror (Bailey)
  2 efreet (D:10)
  10 komodo dragons
  3 tengu conjurers
  A hornet (shapeshifter) (D:15)
  8 trolls
  7 polar bears
  Prince Ribbit (D:5)
  3 harpy skeletons (Volcano)
  4 raiju
  28 blink frogs
  A hornet (D:8)
  A tarantella (Bailey)
  4 dream sheep (Lair:4)
  Grinder (D:6)
  9 slime creatures
  A shadow (D:7)
  A spriggan (Lair:5)
  Sigmund (D:4)
  2 vampires (D:10)
  10 basilisks
  5 wraiths (Orc:2)
  A ynoxinul (Lair:5)
  6 fire bats (D:10)
  3 wyverns
  102 yaks
  Eustachio (D:4)
  3 wargs
  A steam dragon (D:8)
  Menkaure (D:5)
  A death yak simulacrum (D:12)
  11 vampire mosquitoes
  3 chaos spawn (Lair:5)
  Edmund (D:4)
  A swamp worm (Lair:3)
  3 acid dragons
  35 nagas
  21 water moccasins
  30 orc warriors
  2 sky beasts
  5 ice beasts
  A black bear (shapeshifter) (D:15)
  12 ogres
  A black bear (Lair:4)
  2 laughing skulls (Volcano)
  13 small abominations (Lair:5)
  17 wolves
  16 centaurs
  A kobold brigand (D:8)
  A weeping skull (Volcano)
  9 gnoll sergeants
  20 bullfrogs
  6 scorpions
  2 two-headed ogre simulacra (D:12)
  A cane toad simulacrum (D:12)
  10 wights
  4 killer bees (D:9)
  A spriggan skeleton (Volcano)
  A howler monkey (D:3)
  7 electric eels
  2 bombardier beetles (D:7)
  A hound (D:6)
  6 jellies
  A gnoll bouda (D:5)
  31 orc priests
  4 sleepcaps
  4 iguanas
  32 orc wizards
  A troll simulacrum (D:12)
  2 wolf simulacra (D:12)
  A naga skeleton (Volcano)
  18 gnolls
  15 adders
  A naga simulacrum (D:12)
  A shadow imp (D:5)
  12 dart slugs
  4 ribbon worms
  86 orcs
  18 ball pythons
  20 endoplasms
  7 giant cockroaches
  11 hobgoblins
  3 quokkas
  9 bats
  22 frilled lizards
  9 goblins
  13 kobolds
  A rat (D:2)
  A spectral goblin (D:14)
1084 creatures vanquished.

Vanquished Creatures (collateral kills)
  3 vault guards (D:14)
  An anaconda (Snake:2)
  A centaur warrior (D:14)
  A tengu warrior (D:14)
  An arcanist (D:14)
  3 ugly things (D:14)
  2 manticores (D:14)
  A wolf spider (D:14)
  A salamander (Snake:2)
  A cyclops (D:14)
  A naga mage (Snake:2)
  6 nagas (Snake:2)
22 creatures vanquished.

Vanquished Creatures (others)
  A blink frog (Lair:4)
  A human (D:14)
  A water moccasin (Lair:4)
3 creatures vanquished.

Grand Total: 1109 creatures vanquished

Notes
Turn   | Place    | Note
-------+----------+-------------------------------------------
     0 | D:1      | hackum the Demigod Hunter began the quest for the Orb.
     0 | D:1      | Reached XP level 1. HP: 17/17 MP: 3/3
   257 | D:1      | Reached XP level 2. HP: 20/24 MP: 4/4
   700 | D:2      | Reached skill level 4 in Ranged Weapons
   854 | D:2      | Reached XP level 3. HP: 29/29 MP: 5/5
   942 | D:2      | Found Hasopri's Armour Emporium.
  1034 | D:2      | Reached XP level 4. HP: 37/37 MP: 6/6
  1811 | D:3      | Found a glowing drain.
  1819 | Sewer    | Entered a sewer
  1978 | Sewer    | Reached skill level 5 in Ranged Weapons
  1978 | Sewer    | Reached XP level 5. HP: 32/44 MP: 7/7
  2294 | D:3      | Reached skill level 1 in Armour
  2328 | D:3      | Reached XP level 6. HP: 39/51 MP: 8/8
  2939 | D:3      | Found Gozag's Platinum Reserve.
  3129 | D:4      | Noticed Pikel
  3314 | D:4      | Noticed Sigmund
  3317 | D:4      | Killed Sigmund
  3318 | D:4      | Reached skill level 6 in Ranged Weapons
  3318 | D:4      | Reached XP level 7. HP: 58/58 MP: 9/9
  3482 | D:4      | Noticed Eustachio
  3617 | D:4      | Killed Pikel
  3914 | D:4      | Noticed Edmund
  3929 | D:4      | Killed Edmund
  3930 | D:4      | Reached skill level 7 in Ranged Weapons
  3930 | D:4      | Reached XP level 8. HP: 50/67 MP: 10/10
  4042 | D:4      | Killed Eustachio
  4284 | D:5      | Entered Level 5 of the Dungeon
  4626 | D:5      | Noticed Menkaure
  4638 | D:5      | Killed Menkaure
  4639 | D:5      | Reached skill level 5 in Fighting
  4681 | D:5      | Reached skill level 5 in Dodging
  4826 | D:5      | Reached skill level 8 in Ranged Weapons
  4997 | D:5      | Noticed Prince Ribbit
  5007 | D:5      | Killed Prince Ribbit
  6153 | D:6      | Reached XP level 9. HP: 62/74 MP: 11/11
  6501 | D:6      | Reached skill level 9 in Ranged Weapons
  6691 | D:6      | Noticed Grinder
  6698 | D:6      | Paralysed by Grinder for 4 turns
  6707 | D:6      | Killed Grinder
  7343 | D:7      | Found a staircase to the Ecumenical Temple.
  7522 | D:7      | Found a flagged portal.
  7543 | Bailey   | Entered a bailey
  7935 | Bailey   | Reached skill level 10 in Ranged Weapons
  8426 | Bailey   | Noticed an orc knight
  8426 | Bailey   | Noticed an orc knight
  8429 | Bailey   | an orc knight changed into a tarantella
  8432 | Bailey   | an orc knight changed into something unseen
  8441 | Bailey   | Killed an unseen horror
  8442 | Bailey   | Reached XP level 10. HP: 73/84 MP: 13/13
  8443 | Bailey   | Identified the +8 spear "Nioguete" {protect, rC+ Str+3}
  9492 | D:8      | Identified the staff of the Scorpion {rN+ Summ Necro}
  9533 | D:8      | Reached skill level 11 in Ranged Weapons
  9908 | D:8      | Found a large runed translucent door.
  9908 | D:8      | Found a large runed translucent door.
  9910 | D:8      | Noticed DEFE's ghost (novice CoFi)
 10316 | D:9      | Found a runed translucent gate.
 10400 | D:9      | Found a runed translucent gate.
 10400 | D:9      | Found a runed translucent gate.
 10400 | D:9      | Noticed a manticore
 10537 | D:9      | Found a staircase to the Lair.
 10569 | D:9      | Identified the +1 short sword "Mexuosou" {flame, rPois
                  | MP+9}
 10777 | D:9      | Identified a scroll of acquirement
 10777 | D:9      | Acquired the +1 pair of boots of Egalitarianism {rPois rF+
                  | rC+}
 11474 | D:10     | Entered Level 10 of the Dungeon
 11645 | D:10     | Reached XP level 11. HP: 94/94 MP: 14/14
 11652 | D:10     | Found a staircase to the Orcish Mines.
 12087 | D:10     | Noticed a centaur warrior
 12089 | D:10     | Killed a centaur warrior
 12090 | D:10     | Reached skill level 12 in Ranged Weapons
 12250 | D:10     | Noticed a centaur warrior
 12258 | D:10     | Killed a centaur warrior
 12521 | D:10     | Identified the amulet of Moodiness {Acrobat rPois Str+3}
 12539 | D:10     | Noticed a centaur warrior
 12546 | D:10     | Killed a centaur warrior
 12547 | D:10     | Reached skill level 5 in Armour
 12791 | D:10     | Noticed a centaur warrior
 12796 | D:10     | Killed a centaur warrior
 13398 | D:10     | Noticed Nergalle
 13402 | D:10     | Killed Nergalle
 13891 | Lair:1   | Entered Level 1 of the Lair of Beasts
 13911 | Lair:1   | Noticed a boulder beetle
 14121 | D:9      | Reached skill level 13 in Ranged Weapons
 14237 | D:9      | Killed a boulder beetle
 14238 | D:9      | Reached XP level 12. HP: 81/104 MP: 15/15
 14349 | Lair:1   | Noticed a boulder beetle
 14361 | Lair:1   | Killed a boulder beetle
 15692 | Lair:2   | Reached skill level 14 in Ranged Weapons
 16035 | Lair:3   | Reached skill level 10 in Fighting
 16037 | Lair:3   | Reached skill level 10 in Dodging
 16306 | Lair:3   | Reached XP level 13. HP: 113/113 MP: 16/16
 16390 | Lair:3   | Found a staircase to the Swamp.
 16703 | Lair:3   | Found a staircase to the Snake Pit.
 17023 | Lair:4   | Identified the +5 storm dragon scales of Sif Muna's Wrath
                  | {rElec rPois Str+3 Dex+3}
 17422 | Lair:4   | Found a runed translucent door.
 17422 | Lair:4   | Noticed Konar's ghost (journeyman CoHu)
 17561 | Lair:4   | Reached skill level 1 in Shapeshifting
 17599 | Lair:4   | Identified the +2 sling "Ducverui" {elec, Str+2 Int+3
                  | Dex+4}
 17751 | Lair:4   | Reached skill level 15 in Ranged Weapons
 18686 | Orc:1    | Entered Level 1 of the Orcish Mines
 18686 | Orc:1    | Noticed Harold
 18694 | Orc:1    | Killed Harold
 18957 | Orc:2    | Entered Level 2 of the Orcish Mines
 18970 | Orc:2    | Found Saal Vugh's Armour Boutique.
 18987 | Orc:2    | Found a dark tunnel.
 19012 | Volcano  | Entered a volcano
 19090 | Volcano  | Reached XP level 14. HP: 124/124 MP: 17/17
 19562 | Orc:2    | Found a runed translucent door.
 19562 | Orc:2    | Noticed DEFE's ghost (journeyman CoFi)
 19631 | Orc:2    | Noticed an orc warlord
 19644 | Orc:2    | Killed an orc warlord
 20163 | Orc:2    | Found a staircase to the Elven Halls.
 20299 | Orc:2    | Noticed Josephine
 20302 | Orc:2    | Killed Josephine
 20313 | Orc:2    | Reached skill level 10 in Armour
 20409 | Orc:2    | Noticed Snorg
 20416 | Orc:2    | Killed Snorg
 20682 | Orc:2    | Found Gupnib's Distillery.
 20682 | Orc:2    | Found Finyof's Jewellery Shop.
 20683 | Orc:2    | Found Ilocacut's Assorted Antiques.
 20687 | Orc:2    | Found Unafe's Antique Armour Boutique.
 20690 | Orc:2    | Bought a potion of haste for 120 gold pieces
 20690 | Orc:2    | Bought a potion of heal wounds for 60 gold pieces
 20690 | Orc:2    | Bought a potion of berserk rage for 60 gold pieces
 20698 | Orc:2    | Bought a pair of runed gloves for 270 gold pieces
 21279 | Lair:5   | Entered Level 5 of the Lair of Beasts
 21332 | Lair:5   | Reached skill level 16 in Ranged Weapons
 21501 | Lair:5   | Noticed an azure jelly
 21507 | Lair:5   | Killed an azure jelly
 21736 | Lair:5   | Found a runed translucent door.
 21736 | Lair:5   | Noticed an acid blob
 21737 | Lair:5   | Found a staircase to the Slime Pits.
 21737 | Lair:5   | Noticed an acid blob
 21737 | Lair:5   | Noticed an acid blob
 22572 | Lair:5   | Reached XP level 15. HP: 132/132 MP: 18/18
 22653 | Lair:5   | Found a one-way gate to the infinite horrors of the Abyss.
 22886 | D:11     | Identified the +3 ring mail of the Insatiable Loafs {Str+4}
 23486 | D:12     | Identified the amulet of Huihit {Reflect Fly rC+ rCorr
                  | SH+5}
 23617 | D:12     | Found a frozen archway.
 23629 | IceCv    | Entered an ice cave
 23632 | IceCv    | Reached skill level 5 in Shapeshifting
 23725 | IceCv    | Reached skill level 1 in Shields
 25423 | D:13     | Reached skill level 17 in Ranged Weapons
 25992 | D:14     | Found a flickering gateway to a bazaar.
 25997 | Bazaar   | Entered a bazaar
 25997 | Bazaar   | Found Toykem's Armour Boutique.
 25997 | Bazaar   | Found Peby's Book Shop.
 25997 | Bazaar   | Found Othytz's Magic Scroll Shoppe.
 25999 | Bazaar   | Found Feff's Book Emporium.
 25999 | Bazaar   | Found Xiyceps's Antique Weapon Shop.
 26042 | Bazaar   | Bought a scroll of fear for 36 gold pieces
 26042 | Bazaar   | Bought a scroll of blinking for 67 gold pieces
 26042 | Bazaar   | Bought a scroll of enchant armour for 67 gold pieces
 26042 | Bazaar   | Bought a scroll of revelation for 67 gold pieces
 26042 | Bazaar   | Bought a scroll of teleportation for 27 gold pieces
 26042 | Bazaar   | Bought 3 scrolls of silence for 256 gold pieces
 26042 | Bazaar   | Bought a scroll of summoning for 85 gold pieces
 26211 | D:14     | Noticed Kirke
 26214 | D:14     | Killed Kirke
 26286 | D:14     | Found Ozuw's Weapon Shop.
 26516 | D:14     | Found Raudonij's Armour Boutique.
 26540 | D:14     | Found a gate to the Vaults.
 26564 | D:14     | Reached XP level 16. HP: 83/141 MP: 19/19
 26749 | D:14     | Found Vateab's Antique Weapon Emporium.
 26833 | D:14     | Identified the +3 rapier "Lool" {antimagic, rElec rC+
                  | Str+3}
 27023 | D:15     | Entered Level 15 of the Dungeon
 27034 | D:15     | Found Zacvij's Book Boutique.
 27318 | D:15     | Noticed Nessos
 27321 | D:15     | Killed Nessos
 27644 | D:15     | Noticed Rupert
 27648 | D:15     | Killed Rupert
 27896 | D:15     | Found a staircase to the Depths.
 28150 | Snake:1  | Entered Level 1 of the Snake Pit
 28324 | Snake:1  | Found Biss's Magic Scroll Shoppe.
 28328 | Snake:1  | Bought a scroll of blinking for 105 gold pieces
 28328 | Snake:1  | Bought a scroll of fear for 56 gold pieces
 28328 | Snake:1  | Bought a scroll of enchant weapon for 105 gold pieces
 28328 | Snake:1  | Bought a scroll of revelation for 105 gold pieces
 28895 | Snake:1  | Found a runed translucent door.
 31274 | Snake:3  | Found Vuqavy's Armour Shoppe.
 31721 | Snake:4  | Entered Level 4 of the Snake Pit
 31776 | Snake:3  | Reached skill level 18 in Ranged Weapons
 31910 | Snake:4  | Reached XP level 17. HP: 113/150 MP: 20/20
 32484 | Snake:4  | Got a serpentine rune of Zot
 32572 | Snake:4  | HP: 4/150 [poisoned by a nagaraja (splash of poison)]
 32572 | Snake:4  | Constricted to death by a nagaraja

Illustrated notes

Levels and vault maps discovered:
D:1:      lightli_arrival_maybe_door_vault, layout_loops_ring
D:2:      layout_basic, serial_shops, nicolae_shop_back_alley_shop
D:3:      layout_loops_ring, nicolae_gozag_zags_fifth_avenue,
          lightli_sewer_entry_pipes, ebering_ecumenical_altar_sacrificial
D:4:      layout_basic, small_statue_intersection, uniq_edmund, uniq_eustachio,
          uniq_sigmund, uniq_pikel
D:5:      layout_cave_pods, minmay_misc_feat_ornament, uniq_menkaure,
          uniq_prince_ribbit1
D:6:      layout_layer_cave, nemelex_dance_club_becter, uniq_grinder
D:7:      layout_loops_corners, minmay_temple_entry_wispy, enter_bailey_7
D:8:      layout_basic, nicolae_dithmenos_shadow_blocks,
          ebering_ghost_disaster_area
D:9:      lemuel_bear_cage, layout_layer_cave, hellmonk_lair_entry_icy
D:10:     regret_index_infernal_bastille, layout_stronghold,
          fedhas_altar_fruit_tree, mainiacjoe_overflow_catch_the_wave,
          nicolae_have_a_lightning_rod, uniq_nergalle
D:11:     layout_irregular_city
D:12:     layout_small_grid, portal_ice_cave_entry_ice_simulacra, serial_rivers,
          chequers_serial_rivers_micro_d, chequers_serial_rivers_large_a,
          chequers_serial_rivers_small_3, chequers_serial_rivers_marsh,
          einodemon_barbed_minivault
D:13:     layout_basic, nzn_life_drinkers
D:14:     layout_small_grid, lightli_vaults_fourway_checkpoint,
          hangedman_decor_opposing, serial_shops, freezing_bzr, shop, shop,
          nicolae_shop_statue_plus, nicolae_hepliaklqana_monster_ancestors,
          uniq_kirke
D:15:     grunt_enter_depths_snipers, layout_layer_cave, serial_shops,
          nicolae_shop_tiny_waterfront, uniq_rupert, uniq_nessos
Lair:1:   layout_small_grid, wad_woods_03, grunt_megastairs_2
Lair:2:   layout_gridlike, minmay_lair_oklob_bushes,
          cheibrodos_lair_caveside_slide
Lair:3:   layout_hall_layers, nicolae_swamp_entry_splash_gauntlet,
          nicolae_snake_entry_squirm
Lair:4:   nzn_winding_woodlands_large [nzn_winding_woodlands_5x5_checkerboard,
          nzn_winding_woodlands_5x15_sawtooth,
          nzn_winding_woodlands_5x5_perimeter,
          nzn_winding_woodlands_center_garden,
          nzn_winding_woodlands_15x15_eel_pit,
          nzn_winding_woodlands_center_pierced_h,
          nzn_winding_woodlands_5x5_three, nzn_winding_woodlands_5x15_pool,
          nzn_winding_woodlands_5x5_default], layout_gridlike,
          gammafunk_ghost_grave, infiniplex_staircase_pool, serial_bayou_shore_a
Lair:5:   hellmonk_lair_end_abyssal_woods, layout_gridlike, slime_entry_2,
          nicolae_lair_time_for_slime
Snake:1:  cheibrodos_toxic_ritual, layout_gridlike, serial_shops, shop,
          grunt_ministairs_1, nicolae_snake_gridmaze_zigzag
Snake:2:  layout_layer_cave, nicolae_snake_double_loop
Snake:3:  layout_gridlike, serial_shops, nicolae_shop_window_shopping,
          nicolae_triple_integral, serial_bayou_shore_b
Snake:4:  minmay_snake_end_coiled, layout_onion, serial_shops,
          nicolae_shop_tiny_glass, serial_bayou_ford_a, hangedman_venom_bottle
Orc:1:    layout_caves, nicolae_orc_crystal_seam, uniq_harold
Orc:2:    st_orc_mages, layout_caves, serial_shops, nicolae_shop_peninsula,
          nicolae_volcano_entry_two_sided, hellmonk_ghost_happy_afterlife,
          uniq_snorg, uniq_josephine

Skill      XL: |  1  2  3  4  5  6  7  8  9 10 11 12 13 14 15 16 17 |
---------------+----------------------------------------------------+-----
Fighting       | 2 3 4 5 6 8 9 10 11 12 13 | 13.4
Dodging        | 2 3 4 5 6 8 9 10 11 12 13 | 13.4
Ranged Weapons | 4 5 6 7 8 10 11 13 14 15 16 17 18 | 18.1
Armour         | 1 2 3 4 5 7 9 10 12 14 | 14.7
Shapeshifting  | 2 4 5 6 |  6.3
Shields        | 3 4 |  4.8
Stealth        | |  0.8

Action                     |  1- 3 |  4- 6 |  7- 9 | 10-12 | 13-15 | 16-18 || total
---------------------------+-------+-------+-------+-------+-------+-------++-------
  Melee: Shortbow          |       |     3 |     1 |       |       |       ||     4
         Hand cannon       |       |       |       |       |       |     3 ||     3
   Fire: Shortbow          |   111 |   254 |   415 |       |       |       ||   780
         Arbalest          |       |       |    47 |   559 |   328 |       ||   934
         Sling             |       |       |       |       |    23 |       ||    23
         Hand cannon       |       |       |       |       |   753 |   474 ||  1227
  Throw: Dart              |       |       |       |       |     3 |     3 ||     6
  Evoke: Wand              |       |       |    12 |     1 |       |       ||    13
         Phial of floods   |       |       |       |       |     1 |       ||     1
    Use: Potion            |       |     2 |     2 |       |     3 |     2 ||     9
         Scroll            |       |     1 |    11 |     9 |    20 |     5 ||    46
 Armour: Leather armour    |    33 |    69 |     4 |       |       |       ||   106
         Robe              |       |       |   138 |    17 |       |       ||   155
         Steam dragon scal |       |       |       |   106 |     9 |       ||   115
         Storm dragon scal |       |       |       |       |   474 |   196 ||   670
  Dodge: Dodged            |    42 |    86 |   226 |   309 |   872 |   228 ||  1763
  Block: Buckler           |       |       |       |       |   157 |   221 ||   378
         Reflection        |       |       |       |       |    21 |    42 ||    63
         Kite shield       |       |       |       |       |       |    54 ||    54

Table legend: (Time is in decaauts)
 A = Elapsed time spent in this place.
 B = Non-inter-level travel time spent in this place.
 C = Inter-level travel time spent in this place.
 D = Time resting spent in this place.
 E = Time spent auto-exploring this place.
 F = Levels seen in this place.
 G = Mean time per level.
                   A        B        C        D        E       F      G
               +--------+--------+--------+--------+--------+-----+--------+
         Total |  33696 |  31812 |   1884 |   3986 |  21242 |  31 | 1087.0 |
       Dungeon |  17803 |  16863 |    940 |   2195 |  11755 |  15 | 1186.9 |
          Lair |   6336 |   5720 |    616 |    186 |   4110 |   5 | 1267.2 |
     Snake Pit |   4603 |   4389 |    214 |    606 |   2974 |   4 | 1150.8 |
  Orcish Mines |   2078 |   1965 |    113 |    289 |   1214 |   2 | 1039.0 |
        Bazaar |     74 |     74 |      0 |      0 |     33 |   1 |   74.0 |
         Sewer |    471 |    471 |      0 |     40 |    190 |   1 |  471.0 |
        Bailey |   1047 |   1047 |      0 |    540 |    213 |   1 | 1047.0 |
      Ice Cave |    743 |    743 |      0 |    125 |    326 |   1 |  743.0 |
       Volcano |    538 |    538 |      0 |      3 |    425 |   1 |  538.0 |
               +--------+--------+--------+--------+--------+-----+--------+

Top non-repeatable levels by time:
    D:10: 2479 daAuts
  Lair:4: 1984 daAuts
     D:9: 1875 daAuts
 Snake:2: 1764 daAuts
   Orc:2: 1525 daAuts
     D:4: 1506 daAuts
  Lair:5: 1431 daAuts
     D:5: 1393 daAuts
     D:6: 1254 daAuts
 Snake:3: 1238 daAuts
  Lair:3: 1235 daAuts
    D:13: 1148 daAuts
     D:2: 1099 daAuts
  Bailey: 1047 daAuts
     D:3: 1016 daAuts
